 Dungeon Crawl Stone Soup version 0.23.2-40-g277498a001 (webtiles) character file.

Game seed: 3747090247929136954

140 Curus the Insei (level 5, 0/37 HPs)
             Began as a Merfolk Transmuter on Sept 22, 2019.
             Was an Initiate of Okawaru.
             Slain by a gnoll
             ... wielding a +0 short sword
              (9 damage)
             ... on level 2 of the Dungeon.
             The game lasted 00:12:57 (2448 turns).

Curus the Insei (Merfolk Transmuter)                Turns: 2448, Time: 00:12:58

Health: 0/37       AC:  2    Str: 10    XL:     5   Next: 23%
Magic:  5/8        EV: 21    Int: 13    God:    Okawaru [......]
Gold:   134        SH:  0    Dex: 20    Spells: 4/8 levels left

rFire    . . .     SeeInvis .     - Unarmed
rCold    . . .     Gourm    .   (shield currently unavailable)
rNeg     . . .     Faith    .   (armour currently unavailable)
rPois    x         Spirit   .   (helmet currently unavailable)
rElec    .         Reflect  .   (cloak currently unavailable)
rCorr    .         Harm     .   (gloves currently unavailable)
MR       .....                  (boots currently unavailable)
Stlth    ++........             (no amulet)
HPRegen  0.12/turn              (no ring)
MPRegen  0.11/turn              (no ring)

@: spider-form
A: tiny, (change form in water), (swift swim), (stealthy swim)
a: End Transformation, Renounce Religion


You were on level 2 of the Dungeon.
You worshipped Okawaru.
Okawaru was noncommittal.
You were hungry.
You were a venomous arachnid creature.
You visited 1 branch of the dungeon, and saw 3 of its levels.

You collected 134 gold pieces.

Inventory:

Missiles
 a - 26 arrows
Armour
 b - a +0 robe (melded)
Scrolls
 c - 2 scrolls of immolation
 e - a scroll of remove curse
 f - 2 scrolls of identify
 g - a scroll of amnesia
Comestibles
 d - 3 rations


   Skills:
 - Level 1.1 Fighting
 - Level 2.6 Dodging
 + Level 4.7 Unarmed Combat
 - Level 2.0 Spellcasting
 - Level 4.4 Transmutations
 - Level 2.6 Poison Magic


You had 4 spell levels left.
You knew the following spells:

 Your Spells              Type           Power        Failure   Level  Hunger
a - Beastly Appendage     Tmut           ##....       13%         1    ##.....
b - Spider Form           Tmut/Pois      ##........   38%         3    ####...

Your spell library contained the following spells:

 Spells                   Type           Power        Failure   Level  Hunger
 Sticks to Snakes         Tmut           ##......     17%         2    ###....
 Ice Form                 Ice/Tmut       #.......     87%         4    #####..
 Blade Hands              Tmut           ##........   89%         5    ######.


Dungeon Overview and Level Annotations

Branches:
Dungeon (3/15)

Altars:
Ashenzari
Okawaru
Xom
The Shining One


Message History

Your +0 robe unmelds from your body.
The gnoll hits you with a +0 short sword.
* * * LOW HITPOINT WARNING * * *
There is an open door here.
There is a stone staircase leading up here.
The gnoll hits you with a +0 short sword.
* * * LOW HITPOINT WARNING * * *
You climb upwards.
There is a stone staircase leading down here.
Casting: Spider Form (safe; 19% risk of failure)
Confirm with . or Enter, or press ? or * to list all spells.
You turn into a venomous arachnid creature.
Your +0 robe melds into your body.
The gnoll misses you.
You bite the gnoll!
The gnoll is heavily wounded.
The gnoll closely misses you.
You hit the gnoll.
The gnoll is almost dead.
The gnoll hits you with a +0 short sword!
You die...

.....##.#########......#......###
...(.##.# #_.....8###8......'
#.##.##.# ###......#....[.###
........# ###....8....####.
..##.#### ###.(...###.... #.##.#
#########.#.....# ###.# (....#
#.........##...######.# #.####
#.###.#.####...##....†. ...#
#.....s..# ##.###.###.. ...#
#....g#..# #_# #.###..
...########..#..#..########.#....
.........##..#..#......#.##.#.##.
...#####.##............#.##......
.........#.#.#..##.......###.#.##
..........###............##.###.#
...........#.)..##.......#.## ##.
(..#####..#.###.##.......##.###.#


You could see a gnoll.

Vanquished Creatures
  3 adders
  A gnoll (D:3)
  An ooze (D:2)
  A worm (D:3)
  11 orcs (D:3)
  3 giant cockroaches
  9 goblins
  13 hobgoblins
  2 jackals (D:1)
  11 kobolds
  4 quokkas (D:2)
  7 bats
  8 frilled lizards
  7 rats
81 creatures vanquished.

Notes
Turn   | Place    | Note
-------+----------+-------------------------------------------
     0 | D:1      | Curus the Merfolk Transmuter began the quest for the Orb.
     0 | D:1      | Reached XP level 1. HP: 15/15 MP: 3/3
   129 | D:1      | Reached XP level 2. HP: 20/21 MP: 5/5
   327 | D:1      | Reached XP level 3. HP: 26/26 MP: 6/6
   334 | D:1      | Learned a level 3 spell: Spider Form
   726 | D:2      | Found a faded altar of an unknown god.
   777 | D:2      | Reached skill level 1 in Poison Magic
   855 | D:2      | Found a shimmering altar of Xom.
   893 | D:2      | Reached XP level 4. HP: 31/32 MP: 5/7
  1186 | D:2      | Found a glowing golden altar of the Shining One.
  1190 | D:2      | Found a shattered altar of Ashenzari.
  1197 | D:2      | Found an iron altar of Okawaru.
  1205 | D:2      | Became a worshipper of Warmaster Okawaru
  1761 | D:3      | Reached XP level 5. HP: 32/37 MP: 8/8
  2448 | D:2      | Slain by a gnoll

Skill      XL: |  1  2  3  4 |
---------------+-------------+-----
Unarmed Combat | 4 |  4.7
Transmutations | 3 4 |  4.4
Poison Magic   | 1 2 |  2.6
Fighting       | |  1.1
Dodging        | |  2.6
Spellcasting   | |  2.0

Action                   |  1- 3 |  4- 6 || total
-------------------------+-------+-------++-------
Melee: Unarmed           |   120 |   130 ||   250
       Headbutt          |     5 |     7 ||    12
       Punch             |     2 |     6 ||     8
 Cast: Beastly Appendage |     9 |     8 ||    17
       Spider Form       |       |     3 ||     3
  Use: Scroll            |     5 |       ||     5
       Potion            |     3 |     2 ||     5
 Stab: Sleeping          |     1 |     5 ||     6
  Eat: Chunk             |       |     5 ||     5
Armor: Robe              |    21 |    11 ||    32
Dodge: Dodged            |    67 |    82 ||   149
